[Event "Team 45 45 League T52"]
[Site "Internet Chess Club"]
[Date "2012.03.04"]
[Round "3"]
[White "grabuark"]
[Black "L0-VE"]
[Result "1-0"]
[WhiteElo "2163"]
[BlackElo "1935"]
[Opening "Caro-Kann: advance variation"]
[ECO "B12"]
[Time "21:17:21"]
[TimeControl "2700+45"]

1. e4 c6 2. d4 d5 3. e5 Bf5 4. h4 h6 5. g4 Bh7 6. e6 fxe6 7. Bd3 Bxd3 8. Qxd3
Qc7 9. f4 Nd7 10. Qg6+ Kd8 11. Nf3 Ngf6 12. Nc3 c5 13. Be3 Nb6 14. Ne5 Nc4 15.
Nxc4 cxd4 16. Bxd4 Qxc4 17. O-O-O Rc8 18. Rhe1 Rc6 19. g5 hxg5 20. hxg5 Nd7 21.
Rxe6 Rh3 22. Rxc6 bxc6 23. b3 Qa6 24. Nxd5 Qa3+ 25. Bb2 Qc5 26. Qe6 cxd5 27.
Qxh3 Qc6 28. f5 Qd6 29. Qf3 Nb6 30. Bd4 Kc7 31. Bxb6+ Qxb6 32. Qxd5 Qc6 33. Qd8+
Kb7 34. Qxf8 {Black resigns} 1-0

[Event "Team 45 45 League T52"]
[Site "Internet Chess Club"]
[Date "2012.03.02"]
[Round "3"]
[White "parpin"]
[Black "Ptzz"]
[Result "1/2-1/2"]
[WhiteElo "1960"]
[BlackElo "2073"]
[Opening "Caro-Kann: exchange variation"]
[ECO "B13"]
[Time "09:15:39"]
[TimeControl "2700+45"]

1. e4 c6 2. d4 d5 3. exd5 cxd5 4. Bd3 Nc6 5. c3 Qc7 6. Ne2 Bg4 7. O-O e6 8. Bf4
Bd6 9. Bxd6 Qxd6 10. Qb3 Rb8 11. Ng3 h5 12. f3 h4 13. Ne2 Bh5 14. Na3 a6 15.
Rae1 Nge7 16. c4 Kf8 17. Bc2 Bg6 18. Bxg6 Nxg6 19. cxd5 Qxd5 20. Qxd5 exd5 21.
Nc2 Re8 22. Nc3 Nf4 23. Rxe8+ Kxe8 24. g3 hxg3 25. hxg3 Nh5 26. Kg2 Nf6 27. g4
g5 28. f4 Nxg4 29. Kg3 Rh2 30. Rc1 f5 31. fxg5 Rd2 32. Re1+ Kf7 33. Re2 Rxe2 34.
Nxe2 Kg6 35. Kh4 Nh2 36. Ne1 Ne7 37. Kg3 Ng4 38. Kf4 Nf2 39. Ng1 Nc6 40. b3 Nb4
41. Ngf3 Nh3+ 42. Ke5 Nxg5 43. Nh4+ Kf7 44. Nxf5 Nxa2 45. Kxd5 Nc3+ 46. Ke5 Nb5
47. d5 Ke8 48. Nd6+ Nxd6 49. Kxd6 Kd8 50. Nd3 Ne4+ 51. Ke5 Nd2 52. Nc5 b6 53.
Nxa6 Nxb3 54. Kd6 Nd4 55. Nb8 Nf5+ 56. Ke6 Nd4+ 57. Kd6 {Game drawn by mutual
agreement} 1/2-1/2

[Event "Team 45 45 League T52"]
[Site "Internet Chess Club"]
[Date "2012.03.05"]
[Round "3"]
[White "NFork"]
[Black "Uwak"]
[Result "0-1"]
[WhiteElo "2219"]
[BlackElo "2470"]
[Opening "Nimzovich-Larsen attack: modern variation"]
[ECO "A01"]
[Time "11:04:12"]
[TimeControl "2700+45"]

1. b3 e5 2. Bb2 Nc6 3. e3 Nf6 4. Nf3 e4 5. Nd4 Bc5 6. Nxc6 dxc6 7. Be2 Qd5 8.
O-O Qg5 9. Kh1 Bd6 10. d3 Qh6 11. g3 Bh3 12. Re1 O-O-O 13. Nd2 Bb4 14. Bxf6 gxf6
15. Nxe4 Bxe1 16. Qxe1 f5 17. Nd2 Qe6 18. Nf3 f4 19. gxf4 f6 20. Ng1 Rhg8 21.
Bf3 Rg6 22. Ne2 Rdg8 23. Ng3 h5 24. e4 Bg4 25. Bg2 R6g7 26. f5 Qe5 27. h4 c5 28.
Rb1 Qf4 29. Qg1 Bf3 30. Bxf3 Qxf3+ 31. Qg2 Qf4 32. Kg1 Rxg3 {White resigns} 0-1

[Event "Team 45 45 League T52"]
[Site "Internet Chess Club"]
[Date "2012.03.04"]
[Round "3"]
[White "searchforbobby1"]
[Black "pentti63"]
[Result "1/2-1/2"]
[WhiteElo "2137"]
[BlackElo "2213"]
[Opening "Caro-Kann defense"]
[ECO "B10"]
[Time "17:24:26"]
[TimeControl "2700+45"]

1. e4 c6 2. b3 d5 3. Bb2 dxe4 4. Nc3 Bf5 5. Nge2 Nf6 6. Ng3 e6 7. Qe2 Bb4 8.
O-O-O Bxc3 9. Bxc3 Nbd7 10. Nxf5 exf5 11. g3 O-O 12. Bh3 g6 13. g4 fxg4 14. Bxg4
Nxg4 15. Qxg4 Qe7 16. h4 Nf6 17. Qg2 Nd5 18. Bb2 f6 19. Rde1 Rae8 20. d3 f5 21.
h5 g5 22. h6 g4 23. dxe4 Qg5+ 24. Kb1 fxe4 25. Rhg1 Rf4 26. Qg3 e3 27. fxe3 Rfe4
28. Qd6 Qg6 29. Qd7 b6 30. Ref1 a5 31. a3 a4 32. bxa4 R8e7 33. Qc8+ Re8 34. Qd7
R8e7 35. Qc8+ Re8 36. Qd7 R8e7 {Game drawn by repetition} 1/2-1/2

[Event "Team 45 45 League T52"]
[Site "Internet Chess Club"]
[Date "2012.03.02"]
[Round "3"]
[White "HiddenDeath"]
[Black "screamingeagle"]
[Result "1-0"]
[WhiteElo "2056"]
[BlackElo "1992"]
[Opening "French: Winawer (Nimzovich) variation"]
[ECO "C15"]
[Time "15:37:12"]
[TimeControl "2700+45"]

1. e4 e6 2. d4 d5 3. Nc3 Bb4 4. exd5 exd5 5. Bd3 Ne7 6. Ne2 Bf5 7. O-O O-O 8. a3
Bd6 9. Nb5 c6 10. Nxd6 Qxd6 11. Bf4 Qg6 12. Bxf5 Qxf5 13. Re1 Ng6 14. Bd6 Rd8
15. Ng3 Qf6 16. Be5 Nxe5 17. dxe5 Qh6 18. Qg4 Qg6 19. Qe2 Re8 20. f4 Nd7 21.
Rad1 Re7 22. c4 Nb6 23. cxd5 Nxd5 24. Qd2 Rae8 25. b4 a6 26. Ne4 f5 27. Nd6 Rd8
28. g3 Qe6 29. Qc2 g6 30. Qc5 Red7 31. a4 Nc7 32. Rb1 Nd5 33. b5 axb5 34. axb5
b6 35. Qxc6 Rc7 36. Nb7 Rxc6 37. Nxd8 Qe7 38. Nxc6 Qc5+ 39. Kg2 Ne3+ 40. Kh3 Ng4
41. Re2 Qf8 42. Kg2 Qc5 43. e6 Qc4 44. Rbb2 Qd5+ 45. Kh3 Qf3 46. e7 Ne3 47.
e8=Q+ {Black resigns} 1-0

[Event "Team 45 45 League T52"]
[Site "Internet Chess Club"]
[Date "2012.03.04"]
[Round "3"]
[White "loudoun"]
[Black "Pacini"]
[Result "1/2-1/2"]
[WhiteElo "1736"]
[BlackElo "2100"]
[Opening "Sicilian: closed"]
[ECO "B23"]
[Time "17:05:36"]
[TimeControl "2700+45"]

1. e4 c5 2. Nc3 g6 3. f4 Bg7 4. Nf3 Nc6 5. Bb5 Nd4 6. O-O e6 7. e5 a6 8. Bd3
Nxf3+ 9. Qxf3 d5 10. exd6 Qxd6 11. b3 Nf6 12. Bb2 O-O 13. Na4 Nd5 14. Be5 Qc6
15. c4 Bxe5 16. fxe5 Nb4 17. Qxc6 Nxc6 18. Rae1 Rd8 19. Rf3 Rb8 20. Nxc5 Kg7 21.
Bb1 Rxd2 22. Nd3 b5 23. Ref1 bxc4 24. Rxf7+ Kh6 25. R1f3 Rxd3 26. Bxd3 cxd3 27.
Rh3+ Kg5 28. Rg3+ Kh6 29. Rh3+ Kg5 30. Rg3+ Kh6 31. Rh3+ Kg5 32. Rg3+ {Game
drawn by repetition} 1/2-1/2

[Event "Team 45 45 League T52"]
[Site "Internet Chess Club"]
[Date "2012.03.04"]
[Round "3"]
[White "Paulkov"]
[Black "Cillu"]
[Result "1-0"]
[WhiteElo "2356"]
[BlackElo "2046"]
[Opening "Dutch with c4 & Nc3"]
[ECO "A85"]
[Time "14:00:27"]
[TimeControl "2700+45"]

1. d4 f5 2. c4 Nf6 3. Nc3 e6 4. Nf3 Bb4 5. Qb3 Qe7 6. g3 b6 7. Bg2 Bb7 8. O-O
Bxc3 9. Qxc3 O-O 10. Bg5 h6 11. Bxf6 Qxf6 12. Rad1 d6 13. Qb3 Na6 14. Ne1 Bxg2
15. Nxg2 c5 16. Qa4 Nb4 17. dxc5 dxc5 18. a3 Qxb2 19. axb4 cxb4 20. e3 a5 21.
Nf4 Qf6 22. Rd6 {Black resigns} 1-0

[Event "Team 45 45 League T52"]
[Site "Internet Chess Club"]
[Date "2012.03.04"]
[Round "3"]
[White "chess9793"]
[Black "BlackHorse"]
[Result "1/2-1/2"]
[WhiteElo "2170"]
[BlackElo "2094"]
[Opening "Pirc: Austrian attack, dragon formation"]
[ECO "B09"]
[Time "19:01:04"]
[TimeControl "2700+45"]

1. e4 d6 2. d4 Nf6 3. Nc3 g6 4. f4 Bg7 5. Nf3 c5 6. Bb5+ Bd7 7. e5 Ng4 8. e6
fxe6 9. Ng5 Bxb5 10. Nxb5 Qa5+ 11. c3 Qxb5 12. Qxg4 cxd4 13. Nxe6 Kf7 14. Nc7
Qd7 15. Qxd7 Nxd7 16. Nxa8 Rxa8 17. Bd2 Rc8 18. Rc1 dxc3 19. Bxc3 Bxc3+ 20. Rxc3
Rxc3 21. bxc3 e5 22. fxe5 dxe5 23. Ke2 Ke6 24. Rf1 Nf6 25. Rb1 b6 26. Rb3 Kd5
27. Rb5+ Ke4 28. Rb4+ Kd5 29. Ke3 Kc5 30. Kd2 Kd5 31. a4 Ne4+ 32. Kc2 Nc5 33.
Kd2 Ne4+ 34. Kd3 Nc5+ 35. Ke3 Ke6 36. h4 Kd5 37. g4 Kc6 38. h5 a5 39. Rb5 gxh5
40. gxh5 Nxa4 41. Rxe5 Kd6 42. Rg5 Nxc3 43. Kd4 Ne2+ 44. Kc4 Ke6 45. Rg7 Kf6 46.
h6 b5+ 47. Kc5 Nc3 48. Rxh7 Kg6 49. Rh8 a4 50. Kb4 Ne4 51. Re8 Ng5 52. Kxb5 Kxh6
53. Kxa4 Kg6 54. Rf8 Nf7 55. Kb4 Ne5 56. Rf1 Kg5 57. Kc3 Ng4 58. Kd3 Nf6 59. Ke3
Nh5 60. Rf8 Nf6 61. Kd4 Kf5 62. Rh8 Kf4 63. Rh1 Kf5 64. Rf1+ Ke6 65. Rf2 Nd5 66.
Ra2 Nf6 67. Ra5 Nd7 68. Ke4 Nf6+ 69. Kd4 Nd7 70. Rb5 Kd6 71. Rh5 Ke7 72. Rh6 Nf6
73. Rg6 Kf7 74. Rg5 Ke6 75. Ra5 {Game drawn by repetition} 1/2-1/2

[Event "Team 45 45 League T52"]
[Site "Internet Chess Club"]
[Date "2012.03.01"]
[Round "3"]
[White "AugustoCaruso"]
[Black "sibirica"]
[Result "0-1"]
[WhiteElo "2182"]
[BlackElo "2368"]
[Opening "Richter-Veresov attack"]
[ECO "D01"]
[Time "12:21:40"]
[TimeControl "2700+45"]

1. d4 Nf6 2. Nc3 d5 3. Bg5 Nbd7 4. f3 c6 5. e4 dxe4 6. fxe4 e5 7. Nf3 h6 8. Bh4
exd4 9. Nxd4 Bb4 10. Bd3 O-O 11. O-O Bc5 12. Bf2 Ne5 13. Nf5 Bxf2+ 14. Rxf2 Nfg4
15. Rf1 Qb6+ 16. Kh1 Bxf5 17. Rxf5 Nf2+ 18. Rxf2 Qxf2 19. Qh5 Nxd3 20. cxd3 Qxb2
{White resigns} 0-1

[Event "Team 45 45 League T52"]
[Site "Internet Chess Club"]
[Date "2012.03.06"]
[Round "3"]
[White "zeigmata"]
[Black "QueensCounselor"]
[Result "1/2-1/2"]
[WhiteElo "2254"]
[BlackElo "2127"]
[Opening "QGD: 4.Nf3"]
[ECO "D37"]
[Time "13:18:55"]
[TimeControl "2700+45"]

1. d4 Nf6 2. c4 d5 3. Nf3 e6 4. Nc3 Be7 5. g3 O-O 6. Bg2 dxc4 7. O-O Nc6 8. e3
Rb8 9. Nd2 e5 10. d5 Na5 11. Qa4 b6 12. Nxc4 Nxc4 13. Qxc4 Bb7 {Game drawn by
mutual agreement} 1/2-1/2

[Event "Team 45 45 League T52"]
[Site "Internet Chess Club"]
[Date "2012.03.04"]
[Round "3"]
[White "vnchess"]
[Black "Deckfuel"]
[Result "1-0"]
[WhiteElo "2092"]
[BlackElo "1922"]
[Opening "Réti opening"]
[ECO "A11"]
[Time "11:04:22"]
[TimeControl "2700+45"]

1. Nf3 d5 2. c4 c6 3. g3 Bg4 4. Bg2 Nd7 5. O-O e5 6. cxd5 cxd5 7. Qb3 Ngf6 8.
Qxb7 Nc5 9. Qb5+ Bd7 10. Qb4 Rb8 11. Qh4 e4 12. Ne5 Be7 13. Nxd7 Qxd7 14. Bh3
Qa4 15. Nc3 Qc2 16. Qg5 Rd8 17. Qxg7 Rg8 18. Qh6 Rg6 19. Qh4 a6 20. Bf5 Rg7 21.
d4 Ne6 22. Bxe6 fxe6 23. Bg5 Ng8 24. Bxe7 Nxe7 25. Rab1 Rb8 26. Qh6 Nf5 27.
Qxe6+ {Black resigns} 1-0

[Event "Team 45 45 League T52"]
[Site "Internet Chess Club"]
[Date "2012.03.02"]
[Round "3"]
[White "King-Ghost"]
[Black "Y-ElGhazali"]
[Result "1/2-1/2"]
[WhiteElo "2199"]
[BlackElo "2190"]
[Opening "Benoni: four pawns attack"]
[ECO "A68"]
[Time "15:11:21"]
[TimeControl "2700+45"]

1. d4 Nf6 2. c4 e6 3. Nc3 c5 4. d5 exd5 5. cxd5 d6 6. e4 g6 7. f4 Bg7 8. Nf3 O-O
9. Bd3 c4 10. Bxc4 Nxe4 11. Nxe4 Re8 12. Ng5 Bf5 13. Bd3 h6 14. O-O hxg5 15.
Nxg5 Qf6 16. Bxf5 Qxf5 17. Qf3 Nd7 18. g4 Bd4+ 19. Kh1 Qc2 20. Qh3 Nf6 21. f5
Qc5 22. fxg6 Qxd5+ 23. Qf3 fxg6 24. Qxd5+ Nxd5 25. Rd1 Bf6 26. Rxd5 Re1+ 27. Kg2
Rc8 28. Rxd6 Rc2+ 29. Kh3 Kg7 30. Ne6+ {Game drawn by mutual agreement} 1/2-1/2

[Event "Team 45 45 League T52"]
[Site "Internet Chess Club"]
[Date "2012.03.04"]
[Round "3"]
[White "M-Abotreka"]
[Black "daniguti"]
[Result "1/2-1/2"]
[WhiteElo "2108"]
[BlackElo "1847"]
[Opening "Bogo-Indian defense, Nimzovich variation"]
[ECO "E11"]
[Time "13:20:22"]
[TimeControl "2700+45"]

1. d4 Nf6 2. c4 e6 3. Nf3 Bb4+ 4. Bd2 Qe7 5. g3 Nc6 6. Bg2 Bxd2+ 7. Qxd2 d6 8.
Nc3 O-O 9. O-O e5 10. dxe5 dxe5 11. Nd5 Nxd5 12. cxd5 Rd8 13. Rfd1 Bf5 14. Qe3
Nb4 15. Qxe5 Qxe5 16. Nxe5 Re8 17. Nf3 Rad8 18. Nd4 Be4 19. Bxe4 Rxe4 20. f3 Re3
21. Kf2 Rde8 22. Rd2 Nxd5 23. Nf5 R3e5 24. e4 Nb6 25. Rc1 c6 26. b3 g6 27. Nd6
Rd8 28. Rcd1 Re7 29. f4 f6 30. Kf3 Red7 31. Nc4 Rxd2 32. Rxd2 Rxd2 33. Nxd2 Kf7
34. g4 Nd7 35. Nc4 b5 36. Na5 c5 37. h4 Ke6 38. g5 f5 39. e5 Kd5 40. Ke3 c4 41.
bxc4+ bxc4 42. Nb7 Nb6 43. Nd6 Kc5 44. Nb7+ {Game drawn by mutual agreement}
1/2-1/2

[Event "Team 45 45 League T52"]
[Site "Internet Chess Club"]
[Date "2012.03.08"]
[Round "3"]
[White "Campagnolo"]
[Black "egyptiantiger"]
[Result "1/2-1/2"]
[WhiteElo "2064"]
[BlackElo "2154"]
[Opening "King's Indian: 5.Nf3"]
[ECO "E90"]
[Time "15:46:09"]
[TimeControl "2700+45"]

1. Nf3 Nf6 2. c4 g6 3. Nc3 Bg7 4. e4 d6 5. d4 O-O 6. h3 Na6 7. Bg5 c6 8. Be2 h6
9. Be3 e5 10. d5 Nh5 11. Qd2 cxd5 12. cxd5 Nf4 13. Kf1 f5 14. g3 fxe4 15. Ng1
Nxe2 16. Ngxe2 Kh7 17. Nxe4 Bf5 18. N2c3 b5 19. a3 Qe7 20. b4 Rac8 21. g4 Bd7
22. Qe2 Rc4 23. Rc1 Rfc8 24. Kg2 Be8 25. f3 Nb8 26. Na2 a6 27. Rc3 Rxc3 28.
Naxc3 Nd7 29. Rc1 Nf6 30. Qd2 {Game drawn by mutual agreement} 1/2-1/2

[Event "Team 45 45 League T52"]
[Site "Internet Chess Club"]
[Date "2012.03.06"]
[Round "3"]
[White "frontier"]
[Black "TerryMalloy"]
[Result "1/2-1/2"]
[WhiteElo "2060"]
[BlackElo "2043"]
[Opening "Benkö gambit half accepted"]
[ECO "A57"]
[Time "20:05:40"]
[TimeControl "2700+45"]

1. d4 Nf6 2. c4 c5 3. d5 b5 4. cxb5 a6 5. b6 e6 6. Nc3 Nxd5 7. Nxd5 exd5 8. Qxd5
Nc6 9. e4 Be7 10. Bc4 O-O 11. Nf3 Rb8 12. O-O Rxb6 13. b3 d6 14. Bb2 Bg4 {Game
drawn by mutual agreement} 1/2-1/2

[Event "Team 45 45 League T52"]
[Site "Internet Chess Club"]
[Date "2012.03.02"]
[Round "3"]
[White "shyguy"]
[Black "lacibacsi"]
[Result "1-0"]
[WhiteElo "2217"]
[BlackElo "2012"]
[Opening "Caro-Kann: Panov-Botvinnik attack"]
[ECO "B13"]
[Time "16:00:09"]
[TimeControl "2700+45"]

1. e4 c6 2. d4 d5 3. exd5 cxd5 4. c4 Nf6 5. Nc3 Nc6 6. Bg5 dxc4 7. d5 Ne5 8. Qd4
h6 9. Qxe5 hxg5 10. Bxc4 Bd7 11. Nf3 Qb6 12. Nxg5 Rc8 13. Bb3 Qxf2+ 14. Kxf2
Ng4+ 15. Kg3 Nxe5 16. Rhe1 Ng4 17. d6 Nh6 18. dxe7 Bxe7 19. Nd5 Nf5+ 20. Kf2 Kf8
21. Nxe7 Nxe7 22. Rad1 Bc6 23. Kg1 Be8 24. Nxf7 Rh5 25. Nd6 Rb8 26. Rf1+ {Black
resigns} 1-0

[Event "Team 45 45 League T52"]
[Site "Internet Chess Club"]
[Date "2012.03.04"]
[Round "3"]
[White "JohanWassermann"]
[Black "jefferyx"]
[Result "1/2-1/2"]
[WhiteElo "1986"]
[BlackElo "2109"]
[Opening "Sicilian: dragon, Yugoslav attack, Rauser variation"]
[ECO "B76"]
[Time "15:03:05"]
[TimeControl "2700+45"]

1. e4 c5 2. Nf3 d6 3. d4 cxd4 4. Nxd4 Nf6 5. Nc3 g6 6. Be3 Bg7 7. f3 Nc6 8. Qd2
O-O 9. O-O-O d5 10. exd5 Nxd5 11. Nxc6 bxc6 12. Bd4 e5 13. Bc5 Be6 14. Ne4 Re8
15. h4 h6 16. g4 Qc7 17. g5 h5 18. Bc4 Rad8 19. Qf2 Rd7 20. Rd3 Red8 21. Rhd1
Bf5 22. Bb3 Qb7 23. c4 Bxe4 24. fxe4 Nf4 25. Rxd7 Rxd7 26. Bd6 Kh7 27. Kb1 Ne6
28. c5 a5 29. Bxe6 fxe6 30. Qe2 Rf7 31. Rf1 Rxf1+ 32. Qxf1 Qb4 33. Qe2 Qd4 34.
Qe1 a4 35. a3 Qd3+ 36. Ka2 Qb3+ 37. Ka1 Qc2 {Game drawn by mutual agreement}
1/2-1/2

[Event "Team 45 45 League T52"]
[Site "Internet Chess Club"]
[Date "2012.03.04"]
[Round "3"]
[White "gareth"]
[Black "rdmuhcu"]
[Result "1-0"]
[WhiteElo "2138"]
[BlackElo "2268"]
[Opening "Queen's pawn: Chigorin variation"]
[ECO "D00"]
[Time "18:00:51"]
[TimeControl "2700+45"]

1. d4 d5 2. Nc3 f5 3. Bg5 h6 4. Bh4 g5 5. e3 Nf6 6. Bg3 Bg7 7. Bd3 a6 8. Nf3 Nc6
9. Qe2 Ne4 10. Bxe4 fxe4 11. Ne5 Nxe5 12. Bxe5 O-O 13. O-O-O c6 14. f4 exf3 15.
gxf3 Bxe5 16. dxe5 b5 17. Rhg1 b4 18. Na4 Qa5 19. b3 Qb5 20. Qg2 Bf5 21. h4 Rf7
22. hxg5 Rg7 23. Qh2 hxg5 24. Rg2 Rf8 25. Rh1 e6 26. Rhg1 Rff7 27. Qh6 Qb8 28.
Rxg5 Qxe5 29. Kb1 Rxg5 30. Rxg5+ Rg7 31. e4 dxe4 32. fxe4 Rxg5 33. Qxg5+ Kf7 34.
exf5 exf5 35. Qd2 Qe4 36. Qd3 Qe1+ 37. Kb2 Qe5+ 38. Kc1 Qe1+ 39. Qd1 Qe3+ 40.
Qd2 Qe5 41. Qxb4 f4 42. Qc4+ Kg6 43. Qxc6+ Kh7 44. Qxa6 Qe3+ 45. Kb2 f3 46. Qb7+
Kh8 47. Qc8+ Kg7 48. Qg4+ Kf8 49. Nc3 f2 50. Qf5+ Kg8 51. Qg6+ Kh8 52. Qf6+ Kg8
53. Nd1 Qd4+ 54. Qxd4 f1=Q 55. Nc3 Kh7 {Black resigns} 1-0

[Event "Team 45 45 League T52"]
[Site "Internet Chess Club"]
[Date "2012.03.05"]
[Round "3"]
[White "eurander"]
[Black "Pomberito"]
[Result "1/2-1/2"]
[WhiteElo "2143"]
[BlackElo "2086"]
[Opening "Ruy Lopez: Wormald (Alapin) attack"]
[ECO "C77"]
[Time "17:00:38"]
[TimeControl "2700+45"]

1. e4 e5 2. Nf3 Nc6 3. Bb5 a6 4. Ba4 Nf6 5. Qe2 b5 6. Bb3 Be7 7. c3 O-O 8. O-O
d5 9. d3 d4 10. cxd4 exd4 11. e5 Nd5 12. Qe4 Ndb4 13. a3 Na5 14. Bd1 Bb7 15. Qg4
Bc8 16. Qe4 Bb7 17. Qg4 Bc8 18. Qe4 Bb7 19. Qg4 {Game drawn by repetition}
1/2-1/2

[Event "Team 45 45 League T52"]
[Site "Internet Chess Club"]
[Date "2012.03.04"]
[Round "3"]
[White "VillaBallester"]
[Black "Greedy-Reedy"]
[Result "1/2-1/2"]
[WhiteElo "2071"]
[BlackElo "2027"]
[Opening "Scandinavian (center counter) defense"]
[ECO "B01"]
[Time "14:00:14"]
[TimeControl "2700+45"]

1. e4 d5 2. exd5 Qxd5 3. Nc3 Qa5 4. d4 Nf6 5. Nf3 c6 6. Bd2 Bf5 7. Bc4 e6 8. Nd5
Qd8 9. Nxf6+ gxf6 10. O-O Nd7 11. Re1 Nb6 12. Bb3 Qc7 13. c4 Be7 14. a4 Rg8 15.
a5 Nd7 16. Kh1 a6 17. Bc2 Bg4 18. b4 Rd8 19. Ra3 Nf8 20. Qa1 {Game drawn by
mutual agreement} 1/2-1/2

[Event "Team 45 45 League T52"]
[Site "Internet Chess Club"]
[Date "2012.03.02"]
[Round "3"]
[White "Epcot"]
[Black "zozobob"]
[Result "0-1"]
[WhiteElo "1956"]
[BlackElo "2044"]
[Opening "Catalan opening"]
[ECO "E00"]
[Time "21:45:24"]
[TimeControl "2700+45"]

1. d4 Nf6 2. c4 e6 3. g3 Bb4+ 4. Bd2 Qe7 5. Nf3 Nc6 6. Nc3 d6 7. Bg2 O-O 8. d5
exd5 9. cxd5 Ne5 10. Nxe5 dxe5 11. O-O e4 12. Qb3 Bc5 13. Bg5 e3 14. Ne4 exf2+
15. Kh1 Bb6 16. Qc3 Nxe4 17. Bxe7 Nxc3 18. Bxf8 Nxe2 19. Be7 Bg4 20. b4 Bd4 21.
Rad1 Re8 22. Rxd4 Nxd4 23. Bc5 Re1 24. h3 Be2 25. Bxd4 Bxf1 26. Bxf2 Bxg2+ 27.
Kxg2 Re2 28. Kf3 Rxa2 29. Bd4 f6 30. Be3 Kf7 31. Bf4 c6 32. d6 Ke6 33. h4 Rb2
34. h5 Rxb4 35. h6 g5 36. Bc1 Kxd6 37. Ba3 a5 38. Bxb4+ axb4 39. Ke4 b3 40. Kd3
c5 41. Kc3 c4 42. g4 Ke5 43. Kb2 Kf4 {White resigns} 0-1

[Event "Team 45 45 League T52"]
[Site "Internet Chess Club"]
[Date "2012.03.04"]
[Round "3"]
[White "SugarIslander"]
[Black "chess-fan"]
[Result "1-0"]
[WhiteElo "1670"]
[BlackElo "1654"]
[Opening "Grünfeld: 5.e3"]
[ECO "D94"]
[Time "20:00:38"]
[TimeControl "2700+45"]

1. d4 Nf6 2. c4 g6 3. Nc3 d5 4. Nf3 Bg7 5. e3 Bf5 6. cxd5 Nxd5 7. Bc4 Nf6 8. Qb3
O-O 9. Qxb7 Nbd7 10. Qa6 Nb6 11. O-O Bc8 12. Qb5 Bb7 13. Be2 e6 14. Qd3 Nh5 15.
Qc2 f5 16. Rd1 Nd5 17. Bc4 Qe7 18. Nxd5 Bxd5 19. Bxd5 exd5 20. Bd2 Rac8 21. Rac1
Qe4 22. Bb4 Rfe8 23. Qxe4 dxe4 24. Nd2 Nf6 25. Bc5 a6 26. b4 Nd7 27. Nb3 Nb6 28.
Rc2 Nd5 29. Rdc1 f4 30. exf4 Nxf4 31. Rd1 Nd5 32. Re1 Nf4 33. Nc1 Nd3 34. Ree2
Bh6 35. Nb3 Nf4 36. Re1 Nd5 37. g3 Re6 38. Nc1 Rce8 39. Ne2 e3 40. f3 Rc6 41. a3
Rf6 42. Kg2 Kf7 43. Nc3 Nxc3 44. Rxc3 Rfe6 45. Re2 Bg7 46. Rd3 Rd8 47. Rexe3
Rxe3 48. Rxe3 Bxd4 49. Re7+ Kg8 50. Rxc7 Bb2 51. Ra7 Bxa3 52. Rxa6 Bb2 53. Ra7
Rb8 54. Re7 Ba3 55. Re4 Bb2 56. h3 Kf7 57. Re7+ Kg8 58. g4 Bf6 59. Rd7 Be5 60.
h4 Bf4 61. Rd4 Be5 62. Re4 Bc7 63. Rd4 Be5 64. Re4 Bc7 65. f4 Rd8 66. Kf3 Rd3+
67. Re3 Rxe3+ 68. Kxe3 Kf7 69. Ke4 Ke6 70. b5 Kf6 71. b6 Bb8 72. Bd4+ Ke6 73.
f5+ gxf5+ 74. gxf5+ Kf7 75. b7 h5 76. Be5 Bxe5 77. Kxe5 {Black resigns} 1-0

[Event "Team 45 45 League T52"]
[Site "Internet Chess Club"]
[Date "2012.03.11"]
[Round "3"]
[White "hi12980"]
[Black "rom1"]
[Result "1-0"]
[WhiteElo "1651"]
[BlackElo "1617"]
[Opening "Alekhine's defense: exchange variation"]
[ECO "B03"]
[Time "13:01:03"]
[TimeControl "2700+45"]

1. e4 Nf6 2. e5 Nd5 3. d4 d6 4. c4 Nb6 5. exd6 cxd6 6. Nc3 g6 7. Be3 Bg7 8. Bd3
Nc6 9. Nge2 e5 10. d5 Ne7 11. O-O O-O 12. Rc1 f5 13. f3 f4 14. Bf2 Bf5 15. b3 a6
16. Re1 g5 17. h3 Bg6 18. Qd2 h6 19. Ne4 Nf5 20. Qb4 Ne3 21. Bxe3 fxe3 22. Rcd1
Bxe4 23. Bxe4 a5 24. Qc3 Nd7 25. Kh1 Nc5 26. Qxe3 Nxe4 27. Qxe4 Qf6 28. Rf1 Qf5
29. Ng3 Qh7 30. Qg4 Qg6 31. Ne4 Rad8 32. Qe6+ Qf7 33. Nxd6 Rxd6 34. Qxd6 e4 35.
Qe6 e3 36. Rfe1 Re8 37. Qxf7+ Kxf7 38. Re2 Bf8 39. d6 {Black resigns} 1-0

[Event "Team 45 45 League T52"]
[Site "Internet Chess Club"]
[Date "2012.03.03"]
[Round "3"]
[White "quotha"]
[Black "DaveTheRook"]
[Result "1-0"]
[WhiteElo "1655"]
[BlackElo "1704"]
[Opening "English opening"]
[ECO "A30"]
[Time "13:31:25"]
[TimeControl "2700+45"]

1. Nf3 Nf6 2. c4 c5 3. g3 g6 4. Bg2 Bg7 5. O-O O-O 6. e3 d6 7. Nc3 Nc6 8. d4 e5
9. dxe5 dxe5 10. e4 Qxd1 11. Rxd1 Be6 12. b3 Rad8 13. Ba3 b6 14. Ng5 Bg4 15. f3
Bc8 16. Nd5 h6 17. Nh3 Kh7 18. Nf2 Nd4 19. Bb2 Rfe8 20. Rd2 h5 21. Bxd4 exd4 22.
Rad1 Ng8 23. f4 Ne7 24. e5 Nf5 25. Ne4 Kh8 26. Ng5 Be6 27. Nc7 Re7 28. Ncxe6
fxe6 29. Re1 Bh6 30. Ne4 g5 31. fxg5 Bg7 32. Nf6 Ne3 33. Rxe3 {Black resigns}
1-0

[Event "Team 45 45 League T52"]
[Site "Internet Chess Club"]
[Date "2012.03.04"]
[Round "3"]
[White "RD1974"]
[Black "Hapa-Haole"]
[Result "1-0"]
[WhiteElo "1657"]
[BlackElo "1622"]
[Opening "French defense, Steiner variation"]
[ECO "C00"]
[Time "19:00:17"]
[TimeControl "2700+45"]

1. e4 e6 2. c4 d5 3. cxd5 exd5 4. exd5 Qxd5 5. Nc3 Qe6+ 6. Be2 Nf6 7. Nf3 Bd6 8.
O-O O-O 9. d4 b6 10. d5 Qe7 11. Bg5 Bb7 12. Re1 h6 13. Bh4 Qd8 14. Bc4 Nbd7 15.
Qd3 Re8 16. Ne4 Bb4 17. Nxf6+ Nxf6 18. Rxe8+ Qxe8 19. Bxf6 gxf6 20. Qf5 Qf8 21.
Qxf6 Rd8 22. Qf5 Qg7 23. Ne5 Bc8 24. Qe4 a5 25. d6 Re8 26. f4 cxd6 27. Qc6 Bc5+
28. Kf1 Kf8 29. Bxf7 Rxe5 30. Qxc8+ Kxf7 31. fxe5 Qxe5 32. Qd7+ Kf8 33. Qg4 Qxb2
34. Qf5+ Kg7 35. Re1 Qb5+ 36. Re2 Qc4 37. g3 Qc1+ 38. Kg2 Qg1+ 39. Kh3 d5 40.
Qd7+ Kf8 41. Re8# {Black checkmated} 1-0

[Event "Team 45 45 League T52"]
[Site "Internet Chess Club"]
[Date "2012.03.03"]
[Round "3"]
[White "dschesq"]
[Black "chrisgianno"]
[Result "1/2-1/2"]
[WhiteElo "1645"]
[BlackElo "1552"]
[Opening "Réti opening"]
[ECO "A11"]
[Time "10:01:39"]
[TimeControl "2700+45"]

1. Nf3 d5 2. c4 c6 3. g3 Nf6 4. Bg2 e6 5. O-O Nbd7 6. b3 Bd6 7. Bb2 O-O 8. Nc3
d4 9. Nxd4 Qc7 10. Nf3 Ng4 11. Qc2 f5 12. e3 Ndf6 13. h3 Nxf2 14. Rxf2 Bxg3 15.
Rff1 e5 16. Ne2 e4 17. Ne1 Nh5 18. d3 Bh2+ 19. Kh1 Be6 20. dxe4 fxe4 21. Qxe4
Rfe8 22. Qc2 Bxh3 23. Bxh3 Rxe3 24. Nf3 Rae8 25. Ng5 Nf6 26. Bxf6 gxf6 27. Qxh7+
Qxh7 28. Nxh7 Kxh7 29. Kxh2 Rxe2+ 30. Kh1 Kg7 31. Bg2 Rh8+ 32. Kg1 Rhe8 33. Rf2
Kg6 34. Bf3 Re1+ 35. Rxe1 Rxe1+ 36. Kh2 Ra1 37. Kg3 Kg5 38. Be4 Rg1+ 39. Kh2 Re1
40. Bd3 Re3 41. Bc2 c5 42. Kg1 b6 43. Rf5+ Kg4 44. Rxf6 Re2 45. Bd1 Kg5 46. Bxe2
Kxf6 47. Kf2 Ke5 48. Ke3 a5 49. Bf3 Kd6 50. a3 Ke5 51. Bg2 Kf5 52. Kd3 Kf4 53.
Kc3 Ke3 54. Bc6 Ke2 55. b4 Ke3 56. bxc5 bxc5 57. a4 Ke2 58. Be8 Ke3 59. Bg6 Ke2
60. Kc2 Ke3 61. Kd1 Kd4 62. Bf7 Kc3 63. Kc1 Kb4 64. Kb2 Kxa4 65. Ka2 Kb4 66. Kb2
Ka4 67. Ka2 Kb4 68. Kb2 {Game drawn by mutual agreement} 1/2-1/2